[Event "LEM Niedersachsen-Meister 2025"]
[Site "Verden"]
[Date "2025.01.04"]
[Round "6.9"]
[White "Peters, Tom"]
[Black "Garbuszus, Juergen"]
[Result "1-0"]
[ECO "B51"]
[WhiteElo "2166"]
[BlackElo "2068"]
[Annotator "TA"]
[PlyCount "87"]
[EventDate "2024.12.27"]
[EventType "swiss"]
[EventCountry "GER"]
[SourceTitle "playchess.com"]
[Source "ChessBase"]
[SourceQuality "1"]
[TimeControl "40/5400+30:1800+30"]

1. e4 c5 2. Nf3 Nc6 3. Nc3 e5 4. Bb5 d6 5. Bxc6+ bxc6 6. h3 f5 7. d3 f4 (7... fxe4 $11 8. Nxe4 Nf6) 8. g3 ({Better is} 8. Nxe5 $1 $14 dxe5 9. Qh5+ Kd7 10. Qxe5) 8... fxg3 $11 9. fxg3 Rb8 10. b3 Nf6 11. Bd2 Be7 12. Qe2 O-O 13. O-O-O a5 14. a4 (14. Na4 $11) 14... Kh8 (14... Qb6 $15) 15. Nb1 Be6 16. Na3 (16. Bc3 $11 {remains equal.}) 16... Qc7 (16... Bxb3 $1 $17 17. cxb3 Qb6) 17. Nc4 Ra8 ({Black should play} 17... Nxe4 $1 $11 18. dxe4 (18. Qxe4 Bd5 $19) 18... Bxc4 19. bxc4 Qb7) 18. g4 {[%emt 0:03:16] White is more active.} Nd7 19. Rdg1 $2 (19. Rhf1 $14 {keeps the upper hand.}) 19... Bxc4 $2 (19... d5 $1 $17 20. exd5 cxd5 21. Ncxe5 c4) 20. dxc4 $14 d5 $1 {[%emt 0:00:01] [#]} 21. exd5 $2 (21. cxd5 $2 cxd5 (21... c4 $2 22. Bg5 $17) 22. exd5 c4 23. bxc4 (23. Qxc4 $2 Qxc4 24. bxc4 Rxf3 $19) 23... Rab8 $17) (21. Rf1 $1 $16 {and life is bright.}) 21... cxd5 $17 22. cxd5 $2 {[%emt 0:00:16][%mdl 8192] [#]} (22. Ng5 $17 {was necessary.} e4 (22... Bxg5 23. Bxg5 dxc4 24. Qxc4 $17) 23. h4 (23. cxd5 $2 Qe5 $19)) 22... c4 $1 $19 23. bxc4 (23. Qxc4 Qxc4) 23... Rab8 24. Bc3 Ba3+ (24... Qb6 $19 {has better winning chances.} 25. g5 (25. Bxe5 $2 Nxe5 26. Qxe5 Rxf3 $19) 25... Bb4 26. Bxb4 (26. Bxe5 Nxe5 27. Qxe5 Qf2 $19) 26... Qxb4) 25. Kd2 $2 {[%emt 0:01:38] [#]} (25. Kd1 $17 {nothing else works.} Nb6 26. Qd3 (26. Bxa5 $2 Nxc4 27. Qd3 Qc5 $19) (26. Qxe5 $2 Bd6 $19)) 25... e4 $1 26. Ng5 (26. Qxe4 Bd6 (26... Rf4 27. Qd3 $15) 27. Qd4 Nc5 (27... Rxf3 28. Qxg7#) 28. Qxg7+ Qxg7 29. Bxg7+ Kxg7 $19) (26. Nd4 Nb6) 26... Bc5 $4 (26... Rfe8 $19 {avoids the disaster. ...e3+ is the strong threat.} 27. Ra1 (27. Nxe4 $2 {is the wrong capture.} Nc5 $19) 27... Nb6) 27. Qxe4 Rf2+ $2 (27... Qf4+ 28. Qxf4 Rxf4 29. Bxg7+ (29. Rb1 Bb4 $18) 29... Kxg7) 28. Kd3 $18 Nf8 29. Qe5 (29. Be5 $142 Qe7 30. Rf1 (30. Bxb8 Qxg5 31. Rd1 Qf6 $11)) 29... Bd6 {[%emt 0:01:26] [#]} 30. Qxg7+ $1 Qxg7 31. Bxg7+ Kxg7 32. Ne4 Rf3+ 33. Ke2 Rf6 34. Nxf6 Kxf6 35. Rf1+ Ke5 $2 (35... Ke7 36. Rf3 Rb4) 36. Kd3 Bc5 37. Rf5+ Kd6 38. Re1 Ng6 39. Re6+ Kd7 40. Rf7+ Kd8 41. h4 ({Not} 41. Rxh7 Nf4+ 42. Ke4 Nxe6 43. dxe6 Bf8 $18) 41... Rb1 42. h5 Nf8 43. Ra6 {[%emt 0:00:00] Intending Ra8+ and mate.} Ke8 44. Rg7 1-0

[Event "LEM Niedersachsen-Meister 2025"]
[Site "Verden"]
[Date "2025.01.04"]
[Round "6.10"]
[White "Pubantz, Jan"]
[Black "Drygala, Lars"]
[Result "1-0"]
[ECO "E18"]
[WhiteElo "2339"]
[BlackElo "2067"]
[Annotator "TA"]
[PlyCount "41"]
[EventDate "2024.12.27"]
[EventType "swiss"]
[EventCountry "GER"]
[SourceTitle "playchess.com"]
[Source "ChessBase"]
[SourceQuality "1"]
[TimeControl "40/5400+30:1800+30"]

1. d4 Nf6 2. c4 e6 3. g3 d5 4. Bg2 Be7 5. Nf3 O-O 6. O-O b6 7. Nc3 Bb7 8. cxd5 exd5 9. Bf4 Na6 10. Rc1 c5 11. dxc5 bxc5 12. Qb3 Qb6 13. Qxb6 axb6 {[%emt 0:00:08] White is better.} 14. Ne5 Nb8 (14... Rfb8 $11) 15. a3 Rd8 16. Rfd1 {[%emt 0:01:33] White is more active.} Ra5 {[%emt 0:06:08] [#]} (16... Ra7 $16) 17. Nc4 $1 $18 dxc4 18. Rxd8+ Bxd8 19. Bxb7 Nbd7 20. Rd1 Ra7 $2 {[%emt 0:02:51] [#]} (20... Be7 21. Bc6 (21. a4 Nf8 $18) 21... Nf8) 21. Bc6 {[%emt 0:03:11] Weighted Error Value: White=0.06 (flawless) /Black=0.64.  Mistake:       	---       	Black=3      Inaccurate:     	White=1     	Black=1      OK:         	White=5     	---        Strong:       	White=1     	---} 1-0

[Event "LEM Niedersachsen-Meister 2025"]
[Site "Verden"]
[Date "2025.01.04"]
[Round "6.11"]
[White "Plischki, Sebastian"]
[Black "Kieselbach, Jannik"]
[Result "1-0"]
[ECO "D37"]
[WhiteElo "2323"]
[BlackElo "1979"]
[Annotator "TA"]
[PlyCount "119"]
[EventDate "2024.12.27"]
[EventType "swiss"]
[EventCountry "GER"]
[SourceTitle "playchess.com"]
[Source "ChessBase"]
[SourceQuality "1"]
[TimeControl "40/5400+30:1800+30"]

1. d4 Nf6 2. c4 e6 3. Nc3 Bb4 4. Qc2 c5 5. dxc5 O-O 6. a3 Bxc5 7. Nf3 d5 8. Bf4 Nc6 9. e3 Qe7 10. Bg5 d4 (10... Rd8 $14) 11. exd4 (11. Ne4 $16) 11... Nxd4 $11 12. Nxd4 Bxd4 13. O-O-O Qc5 14. Bh4 Qe5 15. Bg3 Qg5+ 16. Kb1 $1 Bxc3 17. Qxc3 Ne4 18. Qc2 Nxg3 19. hxg3 h6 20. Be2 e5 21. Bf3 Bf5 22. Be4 $1 Bxe4 23. Qxe4 b6 24. Rd5 Rae8 25. Qe2 Qf5+ 26. Ka2 f6 27. Rhd1 Qe6 28. Rd6 Qf7 29. R1d5 Re7 30. b4 Re6 (30... e4 $11) 31. Rd7 $14 Re7 32. Qd3 $36 {[%emt 0:00:49][%mdl 2048] White fights for an advantage.} Rfe8 {[%emt 0:00:00] Black is weak on the light squares} 33. Rxe7 Rxe7 $16 {[%emt 0:00:00][%mdl 4096] Endgame KQR-KQR} 34. Kb3 g6 35. g4 Kg7 36. Rd6 Rc7 37. Qd5 {[%emt 0:01:33] White is more active.} (37. b5 $16) 37... Qxd5 (37... h5 $14) 38. cxd5 $14 {[%emt 0:03:06] KR-KR} (38. Rxd5 Kf7 $16) 38... Kf7 (38... b5 $16 39. a4 bxa4+ 40. Kxa4 f5) 39. Rc6 $18 Rd7 40. Kc4 Ke7 41. Re6+ Kf7 42. g3 ({Better is} 42. a4 $18) 42... Re7 (42... Rd8 $16 {might work better.} 43. f4 exf4) 43. Rd6 Rc7+ 44. Kb5 Ke7 45. Re6+ Kf7 46. a4 h5 47. gxh5 gxh5 {[%emt 0:00:00] [#]} 48. f4 $1 exf4 49. gxf4 Rc1 50. Re3 {[%emt 0:00:00] f5 is the strong threat.} Rf1 $2 (50... a5 51. Kxb6 axb4) 51. d6 Rxf4 52. Re7+ Kf8 53. Rxa7 Rd4 54. Kc6 (54. Kxb6 Rxd6+ 55. Kc5 Rd2 $18) (54. Ra8+ $142 Kg7 55. Kc6 (55. Kxb6 Rxd6+ 56. Kc5 Rd1 $18) 55... Rc4+ 56. Kd5 (56. Kxb6 Rxb4+ 57. Kc5 Rb7 $18) 56... Rc3 57. d7 Rd3+ 58. Kc6 Rxd7 59. Kxd7) 54... Rc4+ 55. Kxb6 Rxb4+ 56. Kc5 Rb8 57. a5 {[%emt 0:00:57][%cal Ba4a5,Ba5a6,Ba6a7][%mdl 32] Intending a6 and mate.} Ke8 58. a6 Rb1 59. Re7+ Kd8 60. a7 1-0

[Event "LEM Niedersachsen-Meister 2025"]
[Site "Verden"]
[Date "2025.01.04"]
[Round "6.12"]
[White "Meiwes, Thore"]
[Black "Schiller, Jan-Hendrik"]
[Result "1-0"]
[ECO "D02"]
[WhiteElo "2120"]
[BlackElo "1952"]
[Annotator "NA RC"]
[PlyCount "105"]
[EventDate "2024.12.27"]
[EventType "swiss"]
[EventCountry "GER"]
[SourceTitle "playchess.com"]
[Source "ChessBase"]
[SourceQuality "1"]
[TimeControl "40/5400+30:1800+30"]

1. d4 d5 2. Nf3 Nf6 3. Bf4 e6 4. e3 Bd6 5. Nbd2 O-O 6. Bd3 b6 7. Ne5 c5 8. c3 Ba6 9. Bxa6 Nxa6 10. Qe2 Nb8 11. Rd1 Qc7 12. O-O Nc6 13. Nxc6 Bxf4 14. exf4 Qxc6 15. Nf3 Qc7 16. Ne5 cxd4 17. Rxd4 Rac8 18. Re1 Ne4 19. g3 Nd6 20. h4 b5 21. h5 h6 22. g4 Qe7 23. Kg2 Rc7 24. Rh1 Rb8 25. Rh3 Rb6 26. Re3 Nc4 27. Nxc4 Rxc4 28. f5 Qf6 29. fxe6 fxe6 30. Rf3 Qg5 31. Rff4 Rc8 32. Qf3 Rb7 33. Rd1 Rbb8 34. Qg3 Rf8 35. Rfd4 Qf6 36. f4 Rbc8 37. Qe3 Rc4 38. Kg3 Rxd4 39. Rxd4 a6 40. a4 Re8 41. axb5 e5 42. Rxd5 exf4+ 43. Qxf4 Qe6 44. Qd2 Qb6 45. Qd4 Qb8+ 46. Kh3 Rf8 47. Qe5 Qa7 48. Qe6+ Kh8 49. b6 Qb8 50. Qd6 Qe8 51. Re5 Rf3+ 52. Kg2 Qa8 53. Qd5 1-0

[Event "LEM Niedersachsen-Meister 2025"]
[Site "Verden"]
[Date "2025.01.04"]
[Round "6.13"]
[White "ter Stal, Lars"]
[Black "Sreyas Payyappat"]
[Result "0-1"]
[ECO "B12"]
[WhiteElo "1815"]
[BlackElo "2115"]
[Annotator "NA RC"]
[PlyCount "56"]
[EventDate "2024.12.27"]
[EventType "swiss"]
[EventCountry "GER"]
[SourceTitle "playchess.com"]
[Source "ChessBase"]
[SourceQuality "1"]
[TimeControl "40/5400+30:1800+30"]

1. e4 c6 2. d4 d5 3. f3 Qb6 4. Nc3 dxe4 5. fxe4 e5 6. Nf3 exd4 7. Nxd4 Bc5 8. Na4 Qa5+ 9. c3 Bd6 10. Nf3 Be7 11. b4 Qc7 12. Be3 Nf6 13. Bd3 Bg4 14. O-O Nbd7 15. Qe1 O-O 16. Nd4 Ne5 17. Bc2 Rfe8 18. Nb2 Ng6 19. Nf5 Bxf5 20. exf5 Ng4 21. g3 Bf6 22. fxg6 Rxe3 23. gxf7+ Kf8 24. Qd2 Bxc3 25. Qg2 Bxb2 26. Rad1 Qe5 27. Qd2 Nf6 28. Qd8+ Rxd8 0-1

[Event "LEM Niedersachsen-Meister 2025"]
[Site "Verden"]
[Date "2025.01.04"]
[Round "6.14"]
[White "Wilmink, Anna"]
[Black "Gaertner, Alessandro"]
[Result "1/2-1/2"]
[ECO "B15"]
[WhiteElo "2033"]
[BlackElo "1970"]
[Annotator "NA RC"]
[PlyCount "72"]
[EventDate "2024.12.27"]
[EventType "swiss"]
[EventCountry "GER"]
[SourceTitle "playchess.com"]
[Source "ChessBase"]
[SourceQuality "1"]
[TimeControl "40/5400+30:1800+30"]

1. e4 c6 2. d4 d5 3. Nc3 dxe4 4. Nxe4 Nf6 5. Nxf6+ exf6 6. c3 Bd6 7. Bd3 O-O 8. Qc2 Re8+ 9. Ne2 h5 10. O-O h4 11. Nf4 Nd7 12. Qd1 Nf8 13. Bd2 g6 14. Qc2 f5 15. Rfe1 Ne6 16. Nxe6 Bxe6 17. Re2 Qf6 18. h3 f4 19. f3 Re7 20. Kh1 Rae8 21. Be1 Qg5 22. Re4 Kg7 23. Qf2 Rh8 24. Qf1 Bf5 25. Rxe7 Bxe7 26. Bd2 Bf6 27. b4 Rd8 28. Re1 Be6 29. Re4 Bxa2 30. Bxf4 Qh5 31. Bc4 Bxc4 32. Qxc4 Qd5 33. Qe2 a5 34. bxa5 Qxa5 35. Qb2 c5 36. Be5 cxd4 1/2-1/2

[Event "LEM Niedersachsen-Meister 2025"]
[Site "Verden"]
[Date "2025.01.04"]
[Round "6.15"]
[White "de Vries, Carsten"]
[Black "Celik, Abdullah"]
[Result "1/2-1/2"]
[ECO "B51"]
[WhiteElo "1898"]
[BlackElo "2032"]
[Annotator "RC"]
[PlyCount "132"]
[EventDate "2024.12.27"]
[EventType "swiss"]
[EventCountry "GER"]
[SourceTitle "playchess.com"]
[Source "ChessBase"]
[SourceQuality "1"]
[TimeControl "40/5400+30:1800+30"]

1. e4 c5 2. Nf3 d6 3. Bb5+ Nc6 4. e5 Bd7 5. exd6 e6 6. O-O Bxd6 7. Nc3 Nf6 8. a4 O-O 9. d3 h6 10. Ne4 Be7 11. Be3 b6 12. Qe2 Qc7 13. Qd2 Rfe8 14. Bf4 Nxe4 15. dxe4 Qb7 16. e5 Red8 17. c3 Na5 18. Qe2 a6 19. Bxd7 Rxd7 20. c4 Rad8 21. Qc2 Rd3 22. Rfe1 Qd7 23. h3 g5 24. Be3 Nc6 25. Qe2 Qe8 26. g4 Qf8 27. Kg2 Qg7 28. Bd2 Qg6 29. Bc3 a5 30. Rad1 Rxd1 31. Rxd1 Rxd1 32. Qxd1 Qe4 33. b3 Bf8 34. Qd2 Ne7 35. Qe3 Qa8 36. Kg3 Ng6 37. Nd2 Bg7 38. Ne4 Nxe5 39. Nf6+ Bxf6 40. Bxe5 Bxe5+ 41. Qxe5 Qd8 42. Kg2 Kh7 43. Qe4+ Kg7 44. Qc6 e5 45. Qe4 Qd6 46. Qb7 Qe6 47. Qe4 h5 48. Kg3 Qf6 49. gxh5 Kh6 50. Qg4 Qd6 51. Qe4 Qe6 52. Qa8 Kxh5 53. Qh8+ Kg6 54. Qg8+ Kf5 55. Qg7 e4 56. Qf8 e3 57. fxe3 Qxe3+ 58. Kg2 Qe4+ 59. Kg3 Qf4+ 60. Kg2 Qe4+ 61. Kg3 Qd3+ 62. Kg2 f6 63. Qc8+ Ke5 64. Qe8+ Kf5 65. Qc8+ Ke5 66. Qe8+ Kf5 1/2-1/2